 Dungeon Crawl Stone Soup version 0.22.0-38-g04b72b8 (webtiles) character file.

91833 troglodite the Fighter (level 15, -8/122 HPs)
             Began as a Demonspawn Berserker on Aug 28, 2018.
             Was the Champion of Trog.
             Mangled by a tentacle (15 damage)
             ... attached to a kraken
             ... on level 3 of the Shoals.
             The game lasted 01:34:58 (28388 turns).

troglodite the Fighter (Demonspawn Berserker)      Turns: 28388, Time: 01:34:59

Health: -8/122     AC: 29    Str: 29    XL:     15   Next: 56%
Magic:  15/15      EV: 14    Int: 10    God:    Trog [******]
Gold:   1038       SH: 11    Dex: 17    Spells: 14/14 levels left

rFire    + + .     SeeInvis .   y - +4 rapier of Skirmishing {vamp, rC- Str+6}
rCold    . . .     Gourm    .   q - +0 shield
rNeg     . . .     Faith    .   n - +5 chain mail {rC+}
rPois    .         Spirit   .   (helmet unavailable)
rElec    .         Reflect  .   B - +2 cloak {MR+}
rCorr    .         Harm     .   P - +2 pair of gloves
MR       +++..                  E - +0 pair of boots
Stlth    +++.......             Q - amulet of regeneration
HPRegen  0.70/turn              t - ring of the Devil {Wiz rF+ Str+3}
MPRegen  0.14/turn              K - ring of Meenocw {MR+ Str+2}

@: berserk cooldown, slowed, very slow
A: horns 3, molten scales 3, demonic guardian 1, nightstalker 3
a: Berserk, Trog's Hand, Brothers in Arms, Renounce Religion


You were on level 3 of the Shoals.
You worshipped Trog.
Trog was exalted by your worship.
You were not hungry.

You visited 4 branches of the dungeon, and saw 23 of its levels.
You also visited: Bailey and Ice Cave.

You collected 2293 gold pieces.
You spent 1255 gold pieces at shops.

Inventory:

Hand Weapons
 v - a +1 falchion of chaos
 y - the +4 rapier of Skirmishing (weapon) {vamp, rC- Str+6}
   (You found it on level 12 of the Dungeon)

   It inflicts no extra harm, but heals its wielder when it wounds a living foe.
   It affects your strength (+6).
   It makes you vulnerable to cold.
 J - a +6 scimitar of flaming
Armour
 n - a +5 chain mail of cold resistance (worn)
 p - a scarf of cloud immunity
 q - a +0 shield (worn)
 x - the +1 ring mail "Aveosm Lehe" {-Cast rElec Regen+ Int-5}
   (You found it in a bailey)

   It affects your intelligence (-5).
   It insulates you from electricity.
   It prevents spellcasting.
   It increases your rate of regeneration.
 B - a +2 cloak of magic resistance (worn)
 E - a +0 pair of boots (worn)
 P - a +2 pair of gloves (worn)
 U - the +1 leather armour of the Evening Star {MR++ Str-4 Int+2}
   (You found it on level 2 of the Shoals)

   It affects your strength (-4).
   It affects your intelligence (+2).
   It affects your resistance to hostile enchantments.
Jewellery
 l - an uncursed ring of protection from magic
 t - the ring of the Devil (left hand) {Wiz rF+ Str+3}
   (You found it on level 6 of the Lair of Beasts)

   [ring of wizardry]

   It improves your spell success rate.
   It affects your strength (+3).
   It protects you from fire.
 G - an uncursed ring of poison resistance
 K - the ring of Meenocw (right hand) {MR+ Str+2}
   (You bought it in a shop on level 2 of the Orcish Mines)

   [ring of protection from magic]

   It affects your strength (+2).
   It affects your resistance to hostile enchantments.
 N - an uncursed ring of flight
 O - a +2 ring of protection
 Q - an amulet of regeneration (around neck)
 S - an uncursed ring of magical power
 W - an uncursed ring of stealth
 X - a +4 ring of strength {unknown}
Wands
 s - a wand of random effects (16)
 A - a wand of acid (17)
 C - a wand of digging (26)
 H - a wand of polymorph (17)
 T - a wand of iceblast (7)
Scrolls
 a - 5 scrolls of fog
 i - 2 scrolls of blinking
 k - 6 scrolls of teleportation
 m - 9 scrolls of remove curse
 w - 7 scrolls of identify
 D - 5 scrolls of magic mapping
 F - a scroll of fear
 L - 2 scrolls of silence
 V - a scroll of brand weapon
Potions
 b - 4 potions of cancellation
 d - 5 potions of agility
 e - 11 potions of curing
 f - 4 potions of heal wounds
 g - 6 potions of haste
 h - 6 potions of magic
 j - 4 potions of lignification
 o - 5 potions of might
 r - 4 potions of brilliance
 u - a potion of berserk rage
 z - 3 potions of mutation
 I - a potion of resistance
 M - a potion of invisibility
Comestibles
 c - 22 rations


   Skills:
 * Level 12.7 Fighting
 + Level 5.8(9.6) Short Blades
 + Level 11.7(12.2) Long Blades
   Level 4.5 Polearms
 * Level 11.9 Armour
 * Level 10.1 Dodging
 * Level 10.9 Stealth
 * Level 5.3 Shields


You had 14 spell levels left.
You didn't know any spells.
Your spell library was empty.

Dungeon Overview and Level Annotations

Branches:
Dungeon (12/15)            Temple (0/1) D:5            Lair (6/6) D:11
 Shoals (3/4) Lair:2       Spider (0/4) Lair:2        Slime (0/5) Lair:6
    Orc (2/2) D:10            Elf (0/3) Orc:2

Altars:
Cheibriados
Dithmenos
Gozag
Vehumet
Xom

Shops:
D:4 *   D:6 !   D:7 %   Orc:2 ?!=[}=}   Shoals:1 *


Innate Abilities, Weirdness & Mutations

You have a pair of large horns on your head.
You are completely covered in molten scales. (AC +4, rF+)
A weak demonic guardian rushes to your aid.
You are completely attuned to the shadows.


Message History

You block the tentacle's attack.
You hit the tentacle.
The tentacle is heavily wounded.
A tentacle segment bursts forth from the water. x3
The kraken barely misses you. The tentacle barely misses you.
You block the tentacle's attack. x2
Unknown command.
Your unstable footing causes you to fumble your attack.
The tentacle slaps you but does no damage.
The tentacle barely misses you. The tentacle slaps you!
* * * LOW HITPOINT WARNING * * *
A tentacle rises from the water!
A tentacle comes into view.
Unknown command.
You are too berserk!
You are no longer berserk.
You are exhausted.
You feel yourself slow down. You block the tentacle's attack.
The tentacle slaps you!
You die...

≈≈≈≈≈≈≈≈≈≈≈≈
#≈≈≈≈≈≈≈≈≈≈≈≈
#≈≈≈≈≈≈≈≈≈≈≈≈
.≈≈≈≈≈≈≈≈≈≈≈≈
≈≈≈≈≈≈≈≈<≈≈≈≈
≈≈≈≈≈≈≈≈≈≈≈≈≈
#≈§§§§§§≈≈≈≈≈
#§§w§§§.≈≈≈≈.
#§§w@....≈..≈
#§§ww.§§≈....
##X§§§...≈≈
##§§§..≈.
#####..


You could see a kraken and 4 tentacles.

Vanquished Creatures
  Gastronok (Orc:1)
  The ghost of Anothat the Severer, a journeyman DDFi of Makhleb (Orc:2)
  A merfolk impaler (Shoals:2)
  Fannar (D:11)
  Erica (Orc:1)
  A catoblepas (Lair:6)
  7 hydras
  A merfolk avatar (Shoals:1)
  5 death yaks
  2 merfolk aquamancers (Shoals:2)
  A dancing weapon (D:8)
  4 two-headed ogres
  4 orc high priests (Orc:2)
  A fire crab (Lair:6)
  3 sea snakes
  7 orc knights
  A lindwurm (Lair:6)
  5 ugly things
  12 harpies
  5 orc sorcerers
  An oklob plant (Lair:5)
  3 manticores
  8 fauns (Shoals:1)
  Maurice (D:9)
  3 centaur zombies
  21 elephants
  5 black mambas
  4 merfolk sirens
  3 ice statues (IceCv)
  5 spiny frogs
  A kobold demonologist (Bailey)
  8 komodo dragons
  3 rime drakes
  4 trolls
  15 merfolk
  2 wind drakes
  6 polar bears
  2 snapping turtles (Shoals:1)
  9 hippogriffs
  Prince Ribbit (D:5)
  13 blink frogs
  2 hornets (D:11)
  Sigmund (D:6)
  32 yaks
  A vampire (D:10)
  A tarantella (Lair:2)
  6 wyverns
  3 water elementals (Shoals:2)
  2 basilisks
  7 wargs (Orc:2)
  A soldier ant (D:11)
  11 water moccasins
  6 porcupines
  6 ice beasts
  29 orc warriors
  3 phantoms
  3 sky beasts
  10 ogres
  3 black bears
  4 centaurs
  9 wolves
  12 crocodiles
  Blork the orc (D:4)
  2 big kobolds
  11 bullfrogs
  A wyvern zombie (D:9)
  A bullfrog (shapeshifter) (D:9)
  A wyvern skeleton (D:7)
  4 scorpions
  11 killer bees
  4 wights (D:6)
  A howler monkey (D:9)
  3 electric eels
  3 jellies
  3 crimson imps
  4 bullfrog zombies
  15 orc priests
  A bullfrog skeleton (D:3)
  6 hounds
  2 centaur skeletons
  A gnoll shaman (D:4)
  Ijyb (D:5)
  3 iguanas
  16 orc wizards
  7 worker ants
  Terence (D:3)
  A killer bee zombie (D:9)
  A hound skeleton (D:7)
  A howler monkey zombie (D:8)
  2 worker ant zombies
  A howler monkey skeleton (D:3)
  12 adders
  19 gnolls
  A shadow imp (D:7)
  An ooze (D:6)
  An adder zombie (D:7)
  An adder skeleton (D:6)
  5 worms
  4 dart slugs
  8 leopard geckos
  60 orcs
  4 ball pythons
  8 bats
  8 giant cockroaches
  16 goblins
  14 hobgoblins
  8 jackals
  4 quokkas
  8 frilled lizards
  A jackal skeleton (D:6)
  18 kobolds
  A leopard gecko zombie (D:9)
  A quokka skeleton (D:4)
  9 rats
  A bush (Lair:5)
  A fungus (Lair:6)
  3 plants
  3 tentacles (Shoals:3)
663 creatures vanquished.

Vanquished Creatures (collateral kills)
  Erolcha (Orc:1)
  A hydra (Lair:3)
  A satyr (Shoals:2)
  A deep troll shaman (Lair:6)
  An orc high priest (Orc:2)
  The ghost of grocchini the Martial Artist, a novice MfTm of Cheibriados (D:8)
  2 sea snakes
  2 manticores (Shoals:2)
  A water nymph (Shoals:2)
  A rime drake (D:12)
  The ghost of Verendum the Poker, a novice TeAK of Lugonu (D:5)
  A troll (D:10)
  2 merfolk (Shoals:2)
  4 blink frogs
  A wind drake (Shoals:2)
  A hippogriff (D:9)
  The ghost of bmj180 the Magician, an amateur DEIE (D:5)
  3 yaks
  13 orc warriors
  An ice beast (IceCv)
  A necrophage (D:6)
  7 ogres
  3 big kobolds (D:10)
  2 gnoll sergeants (D:10)
  A wyvern zombie (D:11)
  2 killer bees
  An orc priest (D:11)
  An orc wizard (Orc:1)
  2 gnolls (D:10)
  11 orcs
71 creatures vanquished.

Vanquished Creatures (others)
  A yak (D:11)
  An orc warrior (Bailey)
  An orc priest (Orc:2)
  2 orc wizards
  3 fungi
  4 plants
  6 tentacles (Shoals:3)
  5 withered plants (D:5)
23 creatures vanquished.

Grand Total: 757 creatures vanquished

Notes
Turn   | Place    | Note
-------+----------+-------------------------------------------
     0 | D:1      | troglodite the Demonspawn Berserker began the quest for the Orb.
     0 | D:1      | Reached XP level 1. HP: 18/18 MP: 1/1
   128 | D:1      | Gained mutation: You have a pair of small horns on your head. [demonic ancestry]
   128 | D:1      | Reached XP level 2. HP: 17/24 MP: 2/2
   611 | D:2      | Reached XP level 3. HP: 23/29 MP: 3/3
   654 | D:2      | Reached ** piety under Trog
  1035 | D:2      | Found a faded altar of an unknown god.
  1126 | D:2      | Gained mutation: You are slightly more attuned to the shadows. [demonic ancestry]
  1126 | D:2      | Reached XP level 4. HP: 24/37 MP: 4/4
  1502 | D:3      | Reached skill level 4 in Fighting
  1597 | D:3      | Noticed Terence
  1606 | D:3      | Killed Terence
  1606 | D:3      | Gained mutation: You have a pair of horns on your head. [demonic ancestry]
  1606 | D:3      | Reached XP level 5. HP: 42/42 MP: 5/5
  1641 | D:3      | Found a snail-covered altar of Cheibriados.
  1732 | D:3      | Reached skill level 1 in Stealth
  1883 | D:3      | Reached *** piety under Trog
  2300 | D:4      | Noticed an ogre
  2308 | D:4      | Killed an ogre
  2308 | D:4      | Gained mutation: You are partially covered in molten scales. (AC +2) [demonic ancestry]
  2308 | D:4      | Reached XP level 6. HP: 49/49 MP: 6/6
  2435 | D:4      | Found Ciaqarodd's Assorted Antiques.
  2482 | D:4      | Noticed Blork the orc
  2500 | D:4      | Killed Blork the orc
  2682 | D:4      | Reached XP level 7. HP: 55/55 MP: 7/7
  2689 | D:4      | Reached **** piety under Trog
  3014 | D:5      | Entered Level 5 of the Dungeon
  3044 | D:5      | Found a staircase to the Ecumenical Temple.
  3084 | D:5      | Found a runed gate.
  3085 | D:5      | Found a runed gate.
  3086 | D:5      | Found a runed gate.
  3087 | D:5      | Noticed Verendum's ghost (novice TeAK)
  3087 | D:5      | Noticed bmj180's ghost (amateur DEIE)
  3103 | D:5      | Noticed Ijyb
  3115 | D:5      | Killed Ijyb
  3206 | D:5      | Reached skill level 5 in Long Blades
  3415 | D:5      | Noticed Prince Ribbit
  3490 | D:5      | Killed Prince Ribbit
  3490 | D:5      | Reached skill level 5 in Fighting
  3848 | D:5      | Killed bmj180's ghost
  3850 | D:5      | Killed Verendum's ghost
  3850 | D:5      | Gained mutation: A weak demonic guardian rushes to your aid. [demonic ancestry]
  3850 | D:5      | Reached XP level 8. HP: 62/62 MP: 8/8
  4130 | D:6      | Found Rath's Distillery.
  4304 | D:6      | Noticed Sigmund
  4311 | D:6      | Killed Sigmund
  4311 | D:6      | Reached skill level 5 in Armour
  4693 | D:6      | Reached skill level 6 in Fighting
  4969 | D:6      | Gained mutation: You are mostly covered in molten scales. (AC +3) [demonic ancestry]
  4969 | D:6      | Reached XP level 9. HP: 69/69 MP: 9/9
  5374 | D:7      | Found a radiant altar of Vehumet.
  5405 | D:7      | Reached ***** piety under Trog
  5622 | D:7      | Found Kaureczaqa's Food Shop.
  6281 | D:8      | Noticed a two-headed ogre
  6291 | D:8      | Killed a two-headed ogre
  6291 | D:8      | Reached skill level 7 in Fighting
  6291 | D:8      | Reached skill level 5 in Stealth
  6303 | D:8      | Reached skill level 5 in Dodging
  6576 | D:8      | Noticed a two-headed ogre
  6592 | D:8      | Killed a two-headed ogre
  6592 | D:8      | Reached XP level 10. HP: 39/79 MP: 10/10
  6845 | D:8      | Found a runed door.
  6846 | D:8      | Found a shimmering altar of Xom.
  6846 | D:8      | Noticed grocchini's ghost (novice MfTm)
  6846 | D:8      | Noticed a falchion of chaos
  7840 | D:8      | Found an opulent altar of Gozag.
  7945 | D:8      | Killed grocchini's ghost
  7952 | D:8      | Killed a falchion of chaos
  8203 | D:9      | Reached skill level 8 in Fighting
  8262 | D:9      | Found a flagged portal.
  8285 | Bailey   | Entered a bailey
  8789 | Bailey   | Found an iron altar of Okawaru.
  8789 | Bailey   | Noticed an orc sorcerer
  8808 | Bailey   | Killed an orc sorcerer
  9759 | Bailey   | Gained mutation: You have a pair of large horns on your head. [demonic ancestry]
  9759 | Bailey   | Reached XP level 11. HP: 86/86 MP: 11/11
  9845 | Bailey   | Got a distressingly furry ring mail
  9856 | Bailey   | Identified the cursed +1 ring mail "Aveosm Lehe" {-Cast rElec Regen+ Int-5} (You found it in a bailey)
 10375 | D:9      | Noticed Maurice
 10387 | D:9      | Killed Maurice
 10751 | D:10     | Entered Level 10 of the Dungeon
 11318 | D:10     | Found a staircase to the Orcish Mines.
 11814 | D:11     | Noticed a green ugly thing
 11820 | D:11     | Killed a green ugly thing
 11820 | D:11     | Reached skill level 9 in Fighting
 12001 | D:11     | Found a shadowy altar of Dithmenos.
 12024 | D:11     | Noticed a two-headed ogre
 12030 | D:11     | Noticed a two-headed ogre
 12034 | D:11     | Killed a two-headed ogre
 12069 | D:11     | Killed a two-headed ogre
 12326 | D:11     | Found a staircase to the Lair.
 12336 | D:11     | Received a gift from Trog
 12500 | D:11     | Noticed Fannar
 12531 | D:11     | Killed Fannar
 12811 | D:11     | Gained mutation: You are completely covered in molten scales. (AC +4, rF+) [demonic ancestry]
 12811 | D:11     | Reached XP level 12. HP: 92/96 MP: 12/12
 12914 | D:12     | Got an ebony rapier
 12917 | D:12     | Identified the +4 rapier of Skirmishing {vamp, rC- Str+6} (You found it on level 12 of the Dungeon)
 12971 | D:12     | Found a frozen archway.
 13040 | IceCv    | Entered an ice cave
 13052 | IceCv    | Reached skill level 10 in Long Blades
 14563 | D:12     | Reached skill level 10 in Fighting
 14735 | Orc:1    | Entered Level 1 of the Orcish Mines
 14770 | Orc:1    | Noticed Erica
 14799 | Orc:1    | Killed Erica
 14953 | Orc:2    | Entered Level 2 of the Orcish Mines
 14995 | Orc:2    | Reached skill level 1 in Short Blades
 15202 | Orc:2    | Found Utest's Gadget Boutique.
 15255 | Orc:1    | Noticed Erolcha
 15263 | Orc:1    | Killed Erolcha
 15267 | Orc:1    | Noticed Gastronok
 15284 | Orc:1    | Killed Gastronok
 15620 | Orc:2    | Reached ****** piety under Trog
 15660 | Orc:2    | Received a gift from Trog
 15664 | Orc:2    | Got a polished halberd {god gift}
 15665 | Orc:2    | Lost intelligence.
 15665 | Orc:2    | Identified the +9 halberd of the Original Sin {venom, +Blink Str+7 Int-5} (Trog gifted it to you on level 2 of the Orcish Mines)
 15699 | Orc:2    | Found a staircase to the Elven Halls.
 15718 | Orc:2    | Found Litaom's Magic Scroll Emporium.
 15878 | Orc:2    | Found Onuuloil's Distillery.
 16134 | Orc:2    | Noticed an orc high priest
 16141 | Orc:2    | Reached skill level 1 in Polearms
 16554 | Orc:2    | Noticed an orc high priest
 16920 | Orc:2    | Gained mutation: You are significantly more attuned to the shadows. [demonic ancestry]
 16920 | Orc:2    | Reached XP level 13. HP: 96/104 MP: 11/13
 16939 | Orc:2    | Found a runed gate.
 16940 | Orc:2    | Found a runed gate.
 16941 | Orc:2    | Found a runed gate.
 17082 | Orc:2    | Noticed Anothat's ghost (journeyman DDFi)
 17101 | Orc:2    | Killed Anothat's ghost
 17580 | Orc:2    | Found Zada's Jewellery Emporium.
 17580 | Orc:2    | Found Esing's Jewellery Shop.
 17582 | Orc:2    | Found Nostra Isiu's Antique Armour Emporium.
 17582 | Orc:2    | Found Nailo Xon's Gadget Shop.
 17689 | Orc:2    | Reached skill level 11 in Fighting
 17689 | Orc:2    | Reached skill level 10 in Armour
 17982 | Orc:2    | Bought the ring of Meenocw {MR+ Str+2} for 579 gold pieces
 18053 | Orc:2    | Bought a scroll of acquirement for 676 gold pieces
 18216 | Lair:1   | Entered Level 1 of the Lair of Beasts
 19444 | Lair:2   | Received a gift from Trog
 19614 | Lair:2   | Found a staircase to the Shoals.
 19769 | Lair:2   | Found a hole to the Spider Nest.
 20501 | Lair:3   | Received a gift from Trog
 20631 | Lair:3   | Reached XP level 14. HP: 113/113 MP: 14/14
 21716 | Lair:4   | Reached skill level 10 in Stealth
 22345 | Lair:5   | Received a gift from Trog
 22563 | Lair:5   | Reached skill level 1 in Shields
 22654 | Lair:5   | Reached skill level 12 in Fighting
 23406 | Lair:6   | Entered Level 6 of the Lair of Beasts
 24105 | Lair:6   | Got a fine steel ring
 24110 | Lair:6   | Identified the ring of the Devil {Wiz rF+ Str+3} (You found it on level 6 of the Lair of Beasts)
 24136 | Lair:6   | Received a gift from Trog
 24427 | Lair:6   | Found a staircase to the Slime Pits.
 25153 | Shoals:1 | Entered Level 1 of the Shoals
 25169 | Shoals:1 | Gained mutation: You are completely attuned to the shadows. [demonic ancestry]
 25169 | Shoals:1 | Reached XP level 15. HP: 118/122 MP: 15/15
 25698 | Shoals:1 | Reached skill level 5 in Short Blades
 25954 | Shoals:1 | Found Nastutoc's General Store.
 26878 | Shoals:2 | Reached skill level 10 in Dodging
 27059 | Shoals:2 | Reached skill level 5 in Shields
 27165 | Shoals:2 | Found a runed door.
 27170 | Shoals:2 | Got a twisted leather armour
 27181 | Shoals:2 | Identified the +1 leather armour of the Evening Star {MR++ Str-4 Int+2} (You found it on level 2 of the Shoals)
 27870 | Shoals:2 | You fall through a shaft!
 28113 | Shoals:3 | Noticed a kraken
 28387 | Shoals:3 | HP: 8/183 [tentacle[a kraken] (7)]
 28388 | Shoals:3 | Mangled by a tentacle

Skill      XL: |  1  2  3  4  5  6  7  8  9 10 11 12 13 14 15 |
---------------+----------------------------------------------+-----
Long Blades    | 3 4 5 6 8 9 10 11 | 11.7
Armour         | 2 3 4 5 6 8 9 10 11 | 11.9
Dodging        | 2 3 4 5 7 8 9 10 | 10.1
Fighting       | 4 5 6 7 8 9 10 11 12 | 12.7
Stealth        | 1 2 3 5 6 7 8 9 10 | 10.9
Short Blades   | 3 4 5 |  5.8
Polearms       | 1 4 |  4.5
Shields        | 3 5 |  5.3

Action                   |  1- 3 |  4- 6 |  7- 9 | 10-12 | 13-15 || total
-------------------------+-------+-------+-------+-------+-------++-------
Melee: Falchion          |   104 |   172 |   363 |   686 |       ||  1325
       Headbutt          |    25 |    38 |    81 |   276 |   388 ||   808
       Rapier            |       |       |       |   126 |   538 ||   664
       Halberd           |       |       |       |    65 |   110 ||   175
       Scimitar          |       |       |       |       |   553 ||   553
Invok: Berserk           |     1 |     4 |    13 |    27 |    11 ||    56
       Brothers in Arms  |       |       |     2 |     4 |     2 ||     8
       Trog's Hand       |       |       |     1 |       |       ||     1
  Use: Scroll            |       |     5 |     4 |    22 |    16 ||    47
       Potion            |       |       |     3 |     2 |       ||     5
 Stab: Sleeping          |       |     2 |       |    16 |    24 ||    42
       Distracted        |       |       |       |    11 |     9 ||    20
       Petrified         |       |       |       |     8 |       ||     8
       Paralysed         |       |       |       |     3 |       ||     3
       Petrifying        |       |       |       |     1 |       ||     1
       Confused          |       |       |       |     1 |       ||     1
  Eat: Chunk             |     1 |     8 |    23 |    30 |    37 ||    99
       Ration            |       |       |     1 |    12 |     8 ||    21
Armor: Ring mail         |    38 |       |       |   230 |       ||   268
       Animal skin       |     1 |       |       |       |       ||     1
       Leather armour    |    14 |    10 |       |       |       ||    24
       Chain mail        |       |    82 |   229 |   138 |   794 ||  1243
Dodge: Dodged            |    82 |    93 |   188 |   578 |   742 ||  1683
Block: Shield            |       |       |       |       |   467 ||   467
       Rpst.: Falchion   |    26 |    37 |    52 |    98 |       ||   213
       Scimitar          |       |       |       |       |    83 ||    83
